 Dungeon Sprint DCSS version 0.22-a0-414-gacd343e (webtiles) character file.

5068 Mgcat the Martial Artist (level 10, -7/83 HPs)
             Began as a Gnoll Transmuter on May 13, 2018.
             Was the Champion of Makhleb.
             Mangled by a tyrant leech (25 damage)
             ... in the Dungeon (Sprint IX: "|||||||||||||||||||||||||||||").
             The game lasted 00:04:24 (945 turns).

Mgcat the Martial Artist (Gnoll Transmuter)          Turns: 945, Time: 00:04:24

Health: -7/83      AC:  6    Str: 19    XL:     10   Next: 56%
Magic:  22/24      EV: 19    Int: 18    God:    Makhleb [******]
Gold:   0          SH:  0    Dex: 16    Spells: 14/29 levels left

rFire    . . .     SeeInvis .     - Unarmed
rCold    . . .     Gourm    .   (shield currently unavailable)
rNeg     . . .     Faith    .   b - +0 robe
rPois    .         Spirit   .   (no helmet)
rElec    .         Reflect  .   p - +2 cloak
rCorr    .         Harm     .   (gloves currently unavailable)
MR       .....     NoTele   +   (no boots)
Stlth    ++++......             (no amulet)
HPRegen  0.23/turn              q - +3 ring of strength
MPRegen  0.19/turn              r - +3 ring of strength

@: blade hands
A: distributed training, fangs 1, strong nose
a: End Transformation, Minor Destruction, Lesser Servant of Makhleb, Major
Destruction, Greater Servant of Makhleb, Renounce Religion


You were in the Dungeon.
You worshipped Makhleb.
Makhleb was exalted by your worship.
You were hungry.
You had blades for hands.
You visited 1 branch

Inventory:

Missiles
 a - 34 arrows
Armour
 b - a +0 robe (worn)
 p - a +2 cloak (worn)
   (You found it in the Dungeon)
Magical Staves
 n - an uncursed staff of energy {+MP, hungerless spells, !d!a@w1}
   (You found it in the Dungeon)
Jewellery
 q - a +3 ring of strength (left scythe-like blade)
   (You found it in the Dungeon)
 r - a +3 ring of strength (right scythe-like blade)
   (You found it in the Dungeon)
Wands
 o - a wand of iceblast (10)
   (You found it in the Dungeon)
Scrolls
 j - 2 scrolls of blinking {!r}
 l - 3 scrolls of remove curse
 m - 2 scrolls of amnesia
 s - 3 scrolls of fog
 t - 2 scrolls of identify
Potions
 c - 4 potions of heal wounds
 e - 6 potions of curing
 f - a potion of brilliance
 g - a potion of haste
 h - 4 potions of magic
 i - a potion of berserk rage {!q}
 k - a potion of cancellation
Comestibles
 d - a ration
 u - 25 chunks of flesh {@w0}


   Skills:
 + Level 9.4 Fighting
 + Level 9.0 Short Blades
 + Level 9.0 Long Blades
 + Level 9.0 Axes
 + Level 9.0 Maces & Flails
 + Level 9.0 Polearms
 + Level 9.0 Staves
 + Level 9.0 Slings
 + Level 9.0 Bows
 + Level 9.0 Crossbows
 + Level 9.0 Throwing
 + Level 9.0 Armour
 + Level 10.1 Dodging
 + Level 9.0 Stealth
 + Level 9.0 Shields
 + Level 11.0 Unarmed Combat
 + Level 10.2 Spellcasting
 + Level 7.5 Conjurations
 + Level 7.5 Hexes
 + Level 7.5 Charms
 + Level 7.5 Summonings
 + Level 7.5 Necromancy
 + Level 7.5 Translocations
 + Level 8.5 Transmutations
 + Level 7.5 Fire Magic
 + Level 7.5 Ice Magic
 + Level 7.5 Air Magic
 + Level 7.5 Earth Magic
 + Level 7.5 Poison Magic
 + Level 9.8 Invocations
 + Level 9.0 Evocations


You had 14 spell levels left.
You knew the following spells:

 Your Spells              Type           Power        Failure   Level  Hunger
a - Beastly Appendage     Tmut           #####.       9%          1    None
b - Sticks to Snakes      Tmut           #####...     11%         2    None
c - Spider Form           Tmut/Pois      #####.....   14%         3    None
d - Ice Form              Ice/Tmut       #####...     26%         4    ###....
e - Blade Hands           Tmut           #####.....   36%         5    #####..

Your spell library contained the following spells:

 Spells                   Type           Power        Failure   Level  Hunger


Dungeon Overview and Level Annotations

Branches:
Dungeon (1/1)

Altars:
Cheibriados
Dithmenos
Elyvilon
Fedhas
Gozag
Hepliaklqana
Kikubaaqudgha
Makhleb
Nemelex Xobeh
Okawaru
Qazlal
Ru
Sif Muna
Trog
Uskayaw
Vehumet
Wu Jian
Xom
Yredelemnul
Zin
The Shining One
Beogh
Jiyva
Lugonu


Innate Abilities, Weirdness & Mutations

Your experience applies equally to all skills.
You have very sharp teeth.
Your uncanny sense of smell can sniff out nearby items.


Message History

u - 25 chunks of flesh {@w0} (gained 4)
Items here: †††† a spiny frog corpse; a hippogriff corpse; a porcupine corpse a polar bear corpse You are feeling hungry.
Items here: †††† a spiny frog corpse; a hippogriff corpse; a porcupine corpse a polar bear corpse Your hands revert to their normal proportions.
Okay, then.
Unknown command.
Casting: Blade Hands (safe; 7% risk of failure)
Confirm with . or Enter, or press ? or * to list all spells.
Your hands turn into razor-sharp scythe blades.
You open the door.
A tyrant leech, 3 worms and a lindwurm come into view.
The worm bites you but does no damage.
There is an open door to Lair:6 here.
You slice the worm!!
You kill the worm!
Makhleb accepts your kill.
The lindwurm roars!
A worm comes into view.
The worm bites you but does no damage.
You see here a worm corpse.
You slice the worm!!
You kill the worm!
Makhleb accepts your kill.
You slash the lindwurm! You bite the lindwurm.
The lindwurm is moderately wounded.
The lindwurm misses you. The lindwurm barely misses you.
The lindwurm completely misses you.
You slice the lindwurm!!
The lindwurm is severely wounded.
You completely miss the lindwurm.
The lindwurm is severely wounded.
The lindwurm breathes flames at you. The blast of flame hits you!
A tyrant leech comes into view.
You are too injured to fight recklessly!
You are too injured to fight recklessly!
You are too injured to fight recklessly!
You hit the lindwurm but do no damage.
The lindwurm is severely wounded.
The lindwurm closely misses you.
The lindwurm claws you but does no damage.
The lindwurm misses you.
You slash the lindwurm!
You kill the lindwurm!
Makhleb accepts your kill.
Your Dodging skill increases to level 10!
The tyrant leech completely misses you.
You barely miss the tyrant leech. You slash the tyrant leech.
Your bite misses the tyrant leech.
The tyrant leech is lightly wounded.
The tyrant leech closely misses you.
You slice the tyrant leech!! Your bite misses the tyrant leech.
The tyrant leech is heavily wounded.
You slash the tyrant leech!
The tyrant leech is severely wounded.
The tyrant leech bites you!!
The tyrant leech draws strength from your injuries!
You slice the tyrant leech!!
You bite the tyrant leech, but do no damage.
The tyrant leech is almost dead.
The tyrant leech bites you!
* * * LOW HITPOINT WARNING * * *
The tyrant leech draws strength from your injuries!
You slice the tyrant leech!!
You kill the tyrant leech!
Makhleb accepts your kill.
You feel better.
Your Short Blades skill increases to level 9!
Your Long Blades skill increases to level 9!
Your Axes skill increases to level 9!
Your Maces & Flails skill increases to level 9!
Your Polearms skill increases to level 9!
Your Staves skill increases to level 9!
Your Slings skill increases to level 9!
Your Bows skill increases to level 9!
Your Crossbows skill increases to level 9!
Your Throwing skill increases to level 9!
Your Armour skill increases to level 9!
Your Stealth skill increases to level 9!
Your Shields skill increases to level 9!
Your Unarmed Combat skill increases to level 11!
Your Evocations skill increases to level 9!
You shred the worm!!!
You kill the worm!
Makhleb accepts your kill.
You feel better. The tyrant leech bites you!!
* * * LOW HITPOINT WARNING * * *
The tyrant leech draws strength from your injuries!
A worm comes into view.
You see here a tyrant leech corpse.
You hit the tyrant leech.
You bite the tyrant leech, but do no damage.
The tyrant leech is lightly wounded.
The tyrant leech bites you!!
You die...

∆
▓.▓.▓_▓
∆
▓.▓.▓_▓
∆
▓.▓.▓_▓
∆
▓.▓.▓_▓
▓.▓.▓_▓
∆
▓'▓.▓'▓
∆
▓†▓.▓.▓
∆
▓.▓.▓.▓
∆
▓@▓.▓.▓
∆
▓w▓.▓)▓
▓w▓.▓[▓
∆
▓.▓.▓)▓
▓.▓.▓[▓
∆
▓.▓.▓.▓
▓[▓.▓.▓
∆
▓w▓.▓'▓
∆▓.▓)▓


You could see a tyrant leech and 2 worms.

Vanquished Creatures
  A two-headed ogre (D)
  A lindwurm (D)
  An ugly thing (D)
  A spiny frog (D)
  2 komodo dragons (D)
  A troll (D)
  A polar bear (D)
  A hornet (D)
  A tyrant leech (D)
  2 hippogriffs (D)
  3 yaks (D)
  A basilisk (D)
  A water moccasin (D)
  4 porcupines (D)
  An ice beast (D)
  A centaur (D)
  2 crocodiles (D)
  2 bullfrogs (D)
  A wight (D)
  A howler monkey (D)
  A crimson imp (D)
  A hound (D)
  An adder (D)
  An adder zombie (D)
  An adder skeleton (D)
  3 worms (D)
  An orc (D)
  A goblin (D)
  A quokka (D)
  A bat (D)
  2 frilled lizards (D)
  2 kobolds (D)
45 creatures vanquished.

Notes
Turn   | Place    | Note
-------+----------+-------------------------------------------
     0 | D        | Mgcat the Gnoll Transmuter began the quest for the Orb.
     0 | D        | Reached XP level 1. HP: 17/17 MP: 6/6
    14 | D        | Reached skill level 5 in Spellcasting
    15 | D        | Reached skill level 1 in Invocations
    23 | D        | Noticed a hound
    23 | D        | Noticed a centaur
    23 | D        | Noticed a howler monkey
    36 | D        | Killed a hound
    36 | D        | Reached skill level 3 in Fighting
    36 | D        | Reached skill level 1 in Short Blades
    36 | D        | Reached skill level 1 in Long Blades
    36 | D        | Reached skill level 1 in Axes
    36 | D        | Reached skill level 1 in Maces & Flails
    36 | D        | Reached skill level 1 in Polearms
    36 | D        | Reached skill level 1 in Staves
    36 | D        | Reached skill level 1 in Slings
    36 | D        | Reached skill level 1 in Bows
    36 | D        | Reached skill level 1 in Crossbows
    36 | D        | Reached skill level 1 in Throwing
    36 | D        | Reached skill level 1 in Armour
    36 | D        | Reached skill level 5 in Dodging
    36 | D        | Reached skill level 1 in Stealth
    36 | D        | Reached skill level 1 in Shields
    36 | D        | Reached skill level 1 in Conjurations
    36 | D        | Reached skill level 1 in Hexes
    36 | D        | Reached skill level 1 in Charms
    36 | D        | Reached skill level 1 in Summonings
    36 | D        | Reached skill level 1 in Necromancy
    36 | D        | Reached skill level 1 in Translocations
    36 | D        | Reached skill level 4 in Transmutations
    36 | D        | Reached skill level 1 in Fire Magic
    36 | D        | Reached skill level 1 in Ice Magic
    36 | D        | Reached skill level 1 in Air Magic
    36 | D        | Reached skill level 1 in Earth Magic
    36 | D        | Reached skill level 1 in Poison Magic
    36 | D        | Reached skill level 2 in Invocations
    36 | D        | Reached skill level 1 in Evocations
    36 | D        | Reached XP level 2. HP: 8/24 MP: 8/8
    36 | D        | Reached XP level 3. HP: 9/29 MP: 9/9
    40 | D        | Reached skill level 2 in Short Blades
    40 | D        | Reached skill level 2 in Long Blades
    40 | D        | Reached skill level 2 in Axes
    40 | D        | Reached skill level 2 in Maces & Flails
    40 | D        | Reached skill level 2 in Polearms
    40 | D        | Reached skill level 2 in Staves
    40 | D        | Reached skill level 2 in Slings
    40 | D        | Reached skill level 2 in Bows
    40 | D        | Reached skill level 2 in Crossbows
    40 | D        | Reached skill level 2 in Throwing
    40 | D        | Reached skill level 2 in Armour
    40 | D        | Reached skill level 2 in Stealth
    40 | D        | Reached skill level 2 in Shields
    40 | D        | Reached skill level 2 in Evocations
    49 | D        | Killed a centaur
    49 | D        | Reached skill level 4 in Fighting
    49 | D        | Reached skill level 3 in Short Blades
    49 | D        | Reached skill level 3 in Long Blades
    49 | D        | Reached skill level 3 in Axes
    49 | D        | Reached skill level 3 in Maces & Flails
    49 | D        | Reached skill level 3 in Polearms
    49 | D        | Reached skill level 3 in Staves
    49 | D        | Reached skill level 3 in Slings
    49 | D        | Reached skill level 3 in Bows
    49 | D        | Reached skill level 3 in Crossbows
    49 | D        | Reached skill level 3 in Throwing
    49 | D        | Reached skill level 3 in Armour
    49 | D        | Reached skill level 3 in Stealth
    49 | D        | Reached skill level 3 in Shields
    49 | D        | Reached skill level 7 in Unarmed Combat
    49 | D        | Reached skill level 2 in Conjurations
    49 | D        | Reached skill level 2 in Hexes
    49 | D        | Reached skill level 2 in Charms
    49 | D        | Reached skill level 2 in Summonings
    49 | D        | Reached skill level 2 in Necromancy
    49 | D        | Reached skill level 2 in Translocations
    49 | D        | Reached skill level 2 in Fire Magic
    49 | D        | Reached skill level 2 in Ice Magic
    49 | D        | Reached skill level 2 in Air Magic
    49 | D        | Reached skill level 2 in Earth Magic
    49 | D        | Reached skill level 2 in Poison Magic
    49 | D        | Reached skill level 3 in Invocations
    49 | D        | Reached skill level 3 in Evocations
    49 | D        | Reached XP level 4. HP: 25/37 MP: 9/11
    49 | D        | Reached XP level 5. HP: 28/42 MP: 10/13
    55 | D        | Reached skill level 6 in Spellcasting
    72 | D        | Learned a level 2 spell: Sticks to Snakes
    76 | D        | Learned a level 3 spell: Spider Form
    81 | D        | Learned a level 4 spell: Ice Form
    87 | D        | Learned a level 5 spell: Blade Hands
   102 | D        | Found a roughly hewn altar of Beogh.
   102 | D        | Found a snail-covered altar of Cheibriados.
   102 | D        | Found a shadowy altar of Dithmenos.
   102 | D        | Found a white marble altar of Elyvilon.
   102 | D        | Found a blossoming altar of Fedhas.
   102 | D        | Found an opulent altar of Gozag.
   103 | D        | Found a hazy altar of Hepliaklqana.
   104 | D        | Found a viscous altar of Jiyva.
   105 | D        | Found an ancient bone altar of Kikubaaqudgha.
   106 | D        | Found a corrupted altar of Lugonu.
   107 | D        | Found a burning altar of Makhleb.
   108 | D        | Found a sparkling altar of Nemelex Xobeh.
   109 | D        | Found an iron altar of Okawaru.
   110 | D        | Found a stormy altar of Qazlal.
   111 | D        | Found a sacrificial altar of Ru.
   112 | D        | Found a deep blue altar of Sif Muna.
   113 | D        | Found a bloodstained altar of Trog.
   114 | D        | Found a hide-covered altar of Uskayaw.
   115 | D        | Became a worshipper of Makhleb the Destroyer
   116 | D        | Found a radiant altar of Vehumet.
   117 | D        | Found an ornate altar of the Wu Jian Council.
   118 | D        | Found a shimmering altar of Xom.
   119 | D        | Found a basalt altar of Yredelemnul.
   120 | D        | Found a glowing silver altar of Zin.
   121 | D        | Found a glowing golden altar of the Shining One.
   139 | D        | Found the +8 mithril axe "Arga" {speed, MR+}
   155 | D        | Noticed a two-headed ogre
   169 | D        | HP: 10/43 [wight/spear (7)]
   176 | D        | Killed a two-headed ogre
   176 | D        | Reached skill level 6 in Fighting
   176 | D        | Reached skill level 5 in Short Blades
   176 | D        | Reached skill level 5 in Long Blades
   176 | D        | Reached skill level 5 in Axes
   176 | D        | Reached skill level 5 in Maces & Flails
   176 | D        | Reached skill level 5 in Polearms
   176 | D        | Reached skill level 5 in Staves
   176 | D        | Reached skill level 5 in Slings
   176 | D        | Reached skill level 5 in Bows
   176 | D        | Reached skill level 5 in Crossbows
   176 | D        | Reached skill level 5 in Throwing
   176 | D        | Reached skill level 5 in Armour
   176 | D        | Reached skill level 7 in Dodging
   176 | D        | Reached skill level 5 in Stealth
   176 | D        | Reached skill level 5 in Shields
   176 | D        | Reached skill level 8 in Unarmed Combat
   176 | D        | Reached skill level 7 in Spellcasting
   176 | D        | Reached skill level 4 in Conjurations
   176 | D        | Reached skill level 4 in Hexes
   176 | D        | Reached skill level 4 in Charms
   176 | D        | Reached skill level 4 in Summonings
   176 | D        | Reached skill level 4 in Necromancy
   176 | D        | Reached skill level 4 in Translocations
   176 | D        | Reached skill level 6 in Transmutations
   176 | D        | Reached skill level 4 in Fire Magic
   176 | D        | Reached skill level 4 in Ice Magic
   176 | D        | Reached skill level 4 in Air Magic
   176 | D        | Reached skill level 4 in Earth Magic
   176 | D        | Reached skill level 4 in Poison Magic
   176 | D        | Reached skill level 6 in Invocations
   176 | D        | Reached skill level 5 in Evocations
   176 | D        | Reached XP level 6. HP: 14/53 MP: 12/16
   176 | D        | Reached XP level 7. HP: 16/59 MP: 13/18
   181 | D        | Reached * piety under Makhleb
   193 | D        | Reached ** piety under Makhleb
   299 | D        | Noticed a hornet
   299 | D        | Noticed a yak
   299 | D        | Noticed a troll
   299 | D        | Noticed a green ugly thing
   310 | D        | HP: 14/59 [hornet (16)]
   311 | D        | Killed a hornet
   311 | D        | Reached skill level 6 in Short Blades
   311 | D        | Reached skill level 6 in Long Blades
   311 | D        | Reached skill level 6 in Axes
   311 | D        | Reached skill level 6 in Maces & Flails
   311 | D        | Reached skill level 6 in Polearms
   311 | D        | Reached skill level 6 in Staves
   311 | D        | Reached skill level 6 in Slings
   311 | D        | Reached skill level 6 in Bows
   311 | D        | Reached skill level 6 in Crossbows
   311 | D        | Reached skill level 6 in Throwing
   311 | D        | Reached skill level 6 in Armour
   311 | D        | Reached skill level 6 in Stealth
   311 | D        | Reached skill level 6 in Shields
   311 | D        | Reached skill level 9 in Unarmed Combat
   311 | D        | Reached skill level 8 in Spellcasting
   311 | D        | Reached skill level 5 in Conjurations
   311 | D        | Reached skill level 5 in Hexes
   311 | D        | Reached skill level 5 in Charms
   311 | D        | Reached skill level 5 in Summonings
   311 | D        | Reached skill level 5 in Necromancy
   311 | D        | Reached skill level 5 in Translocations
   311 | D        | Reached skill level 5 in Fire Magic
   311 | D        | Reached skill level 5 in Ice Magic
   311 | D        | Reached skill level 5 in Air Magic
   311 | D        | Reached skill level 5 in Earth Magic
   311 | D        | Reached skill level 5 in Poison Magic
   311 | D        | Reached skill level 6 in Evocations
   311 | D        | Reached XP level 8. HP: 15/65 MP: 13/20
   320 | D        | Killed a yak
   320 | D        | Reached skill level 7 in Invocations
   324 | D        | Reached skill level 7 in Fighting
   324 | D        | Reached skill level 8 in Dodging
   330 | D        | Reached *** piety under Makhleb
   338 | D        | Killed a troll
   350 | D        | Killed a green ugly thing
   350 | D        | Reached skill level 7 in Short Blades
   350 | D        | Reached skill level 7 in Long Blades
   350 | D        | Reached skill level 7 in Axes
   350 | D        | Reached skill level 7 in Maces & Flails
   350 | D        | Reached skill level 7 in Polearms
   350 | D        | Reached skill level 7 in Staves
   350 | D        | Reached skill level 7 in Slings
   350 | D        | Reached skill level 7 in Bows
   350 | D        | Reached skill level 7 in Crossbows
   350 | D        | Reached skill level 7 in Throwing
   350 | D        | Reached skill level 7 in Armour
   350 | D        | Reached skill level 7 in Stealth
   350 | D        | Reached skill level 7 in Shields
   350 | D        | Reached skill level 7 in Transmutations
   350 | D        | Reached skill level 7 in Evocations
   350 | D        | Reached XP level 9. HP: 45/73 MP: 19/21
   363 | D        | HP: 18/73 [poisoned by a green ugly thing]
   368 | D        | HP: 14/73 [poisoned by a green ugly thing]
   374 | D        | HP: 11/73 [poisoned by a green ugly thing]
   380 | D        | HP: 9/73 [poisoned by a green ugly thing]
   386 | D        | HP: 8/73 [poisoned by a green ugly thing]
   394 | D        | HP: 8/73 [poisoned by a green ugly thing]
   819 | D        | Noticed a komodo dragon
   822 | D        | Reached skill level 6 in Conjurations
   822 | D        | Reached skill level 6 in Hexes
   822 | D        | Reached skill level 6 in Charms
   822 | D        | Reached skill level 6 in Summonings
   822 | D        | Reached skill level 6 in Necromancy
   822 | D        | Reached skill level 6 in Translocations
   822 | D        | Reached skill level 6 in Fire Magic
   822 | D        | Reached skill level 6 in Ice Magic
   822 | D        | Reached skill level 6 in Air Magic
   822 | D        | Reached skill level 6 in Earth Magic
   822 | D        | Reached skill level 6 in Poison Magic
   824 | D        | Reached **** piety under Makhleb
   824 | D        | Reached skill level 9 in Spellcasting
   824 | D        | Reached skill level 8 in Invocations
   828 | D        | Reached skill level 8 in Fighting
   828 | D        | Reached skill level 10 in Unarmed Combat
   834 | D        | Killed a komodo dragon
   834 | D        | Reached skill level 9 in Dodging
   836 | D        | Reached ***** piety under Makhleb
   842 | D        | Reached skill level 8 in Short Blades
   842 | D        | Reached skill level 8 in Long Blades
   842 | D        | Reached skill level 8 in Axes
   842 | D        | Reached skill level 8 in Maces & Flails
   842 | D        | Reached skill level 8 in Polearms
   842 | D        | Reached skill level 8 in Staves
   842 | D        | Reached skill level 8 in Slings
   842 | D        | Reached skill level 8 in Bows
   842 | D        | Reached skill level 8 in Crossbows
   842 | D        | Reached skill level 8 in Throwing
   842 | D        | Reached skill level 8 in Armour
   842 | D        | Reached skill level 8 in Stealth
   842 | D        | Reached skill level 8 in Shields
   842 | D        | Reached skill level 8 in Evocations
   885 | D        | Noticed a komodo dragon
   885 | D        | Noticed a polar bear
   889 | D        | Killed a komodo dragon
   890 | D        | Reached XP level 10. HP: 82/82 MP: 18/23
   891 | D        | Noticed a spiny frog
   893 | D        | Reached skill level 9 in Invocations
   894 | D        | Reached skill level 8 in Transmutations
   899 | D        | Reached skill level 7 in Conjurations
   899 | D        | Reached skill level 7 in Hexes
   899 | D        | Reached skill level 7 in Charms
   899 | D        | Reached skill level 7 in Summonings
   899 | D        | Reached skill level 7 in Necromancy
   899 | D        | Reached skill level 7 in Translocations
   899 | D        | Reached skill level 7 in Fire Magic
   899 | D        | Reached skill level 7 in Ice Magic
   899 | D        | Reached skill level 7 in Air Magic
   899 | D        | Reached skill level 7 in Earth Magic
   899 | D        | Reached skill level 7 in Poison Magic
   908 | D        | Reached skill level 9 in Fighting
   909 | D        | Killed a spiny frog
   909 | D        | Reached ****** piety under Makhleb
   909 | D        | Reached skill level 10 in Spellcasting
   927 | D        | Noticed a lindwurm
   936 | D        | Killed a lindwurm
   936 | D        | Reached skill level 10 in Dodging
   941 | D        | HP: 18/83 [tyrant leech (14)]
   942 | D        | Reached skill level 9 in Short Blades
   942 | D        | Reached skill level 9 in Long Blades
   942 | D        | Reached skill level 9 in Axes
   942 | D        | Reached skill level 9 in Maces & Flails
   942 | D        | Reached skill level 9 in Polearms
   942 | D        | Reached skill level 9 in Staves
   942 | D        | Reached skill level 9 in Slings
   942 | D        | Reached skill level 9 in Bows
   942 | D        | Reached skill level 9 in Crossbows
   942 | D        | Reached skill level 9 in Throwing
   942 | D        | Reached skill level 9 in Armour
   942 | D        | Reached skill level 9 in Stealth
   942 | D        | Reached skill level 9 in Shields
   942 | D        | Reached skill level 11 in Unarmed Combat
   942 | D        | Reached skill level 9 in Evocations
   945 | D        | Mangled by a tyrant leech

Vault maps used:
D:        linesprint

Skill      XL: |  1  2  3  4  5  6  7  8  9 10 |
---------------+-------------------------------+-----
Spellcasting   | 5 7 8 9 10 | 10.2
Invocations    | 2 3 6 7 8 9 |  9.8
Fighting       | 3 4 6 7 8 9 |  9.4
Short Blades   | 1 3 5 6 7 8 9 |  9.0
Long Blades    | 1 3 5 6 7 8 9 |  9.0
Axes           | 1 3 5 6 7 8 9 |  9.0
Maces & Flails | 1 3 5 6 7 8 9 |  9.0
Polearms       | 1 3 5 6 7 8 9 |  9.0
Staves         | 1 3 5 6 7 8 9 |  9.0
Slings         | 1 3 5 6 7 8 9 |  9.0
Bows           | 1 3 5 6 7 8 9 |  9.0
Crossbows      | 1 3 5 6 7 8 9 |  9.0
Throwing       | 1 3 5 6 7 8 9 |  9.0
Armour         | 1 3 5 6 7 8 9 |  9.0
Dodging        | 5 7 8 9 10 | 10.1
Stealth        | 1 3 5 6 7 8 9 |  9.0
Shields        | 1 3 5 6 7 8 9 |  9.0
Conjurations   | 1 2 4 5 6 7 |  7.5
Hexes          | 1 2 4 5 6 7 |  7.5
Charms         | 1 2 4 5 6 7 |  7.5
Summonings     | 1 2 4 5 6 7 |  7.5
Necromancy     | 1 2 4 5 6 7 |  7.5
Translocations | 1 2 4 5 6 7 |  7.5
Transmutations | 4 6 7 8 |  8.5
Fire Magic     | 1 2 4 5 6 7 |  7.5
Ice Magic      | 1 2 4 5 6 7 |  7.5
Air Magic      | 1 2 4 5 6 7 |  7.5
Earth Magic    | 1 2 4 5 6 7 |  7.5
Poison Magic   | 1 2 4 5 6 7 |  7.5
Evocations     | 1 3 5 6 7 8 9 |  9.0
Unarmed Combat | 7 8 9 10 11 | 11.0

Action                   |  1- 3 |  4- 6 |  7- 9 | 10-12 || total
-------------------------+-------+-------+-------+-------++-------
Melee: Unarmed           |    29 |    18 |    83 |    32 ||   162
       Bite              |     3 |       |     3 |     8 ||    14
       Kick              |     4 |     1 |       |       ||     5
       Punch             |     1 |       |       |     2 ||     3
 Cast: Beastly Appendage |     2 |       |       |       ||     2
       Spider Form       |       |     3 |     1 |       ||     4
       Ice Form          |       |       |     1 |       ||     1
       Blade Hands       |       |       |     4 |     1 ||     5
  Use: Potion            |     1 |       |     4 |       ||     5
       Scroll            |       |       |     2 |       ||     2
 Stab: Sleeping          |       |     1 |     1 |       ||     2
       Invisible         |       |       |     5 |       ||     5
  Eat: Chunk             |       |       |     1 |       ||     1
Armor: Robe              |     3 |     1 |     2 |     6 ||    12
Dodge: Dodged            |    21 |    17 |    68 |    25 ||   131

Table legend:
 A = Spawn XP
 B = Non-spawn XP
 C = Spawn XP percentage of total XP
 D = Spawn monster count
 E = Non-spawn monster count
 F = Spawn count percentage of total count
 G = Total turns spent on level
                    A         B        C        D         E        F      G
               +---------+---------+-------+---------+---------+-------+---------
         Total |       0 |    7240 |   0.0 |       0 |      45 |   0.0 |   945
               +---------+---------+-------+---------+---------+-------+---------
             D |       0 |    7240 |   0.0 |       0 |      45 |   0.0 |   945
               +---------+---------+-------+---------+---------+-------+---------

Vault maps used:
D:        linesprint

Table legend:
 A = Turns spent in this place as a percentage of turns spent in the entire game.
 B = Non-inter-level travel turns spent in this place as a percentage of non-inter-level travel turns spent in the entire game.
 C = Inter-level travel turns spent in this place as a percentage of turns spent in this place.
 D = Turns resting spent in this place as a percentage of non-inter-level travel turns spent in this place.
 E = Turns spent auto-exploring this place as a percentage of non-inter-level travel turns spent in this place.
 F = Non-inter-level travel turns spent in this place divided by the number of levels of this place that you've seen.
                   A       B       C       D       E      F
               +-------+-------+-------+-------+-------+----------------------
         Total | 100.0 | 100.0 |   1.5 |  47.3 |   8.1 | 931.0
       Dungeon | 100.0 | 100.0 |   1.5 |  47.3 |   8.1 | 931.0
               +-------+-------+-------+-------+-------+----------------------

Table legend:
 A = Kills in this place as a percentage of kills in entire the game.
 B = Kills by you in this place as a percentage of kills by you in the entire game.
 C = Kills by friends in this place as a percentage of kills by friends in the entire game.
 D = Other kills in this place as a percentage of other kills in the entire game.
 E = Experience gained in this place as a percentage of experience gained in the entire game.
 F = Experience gained in this place divided by the number of levels of this place that you have seen.
                   A       B       C       D       E      F
               +-------+-------+-------+-------+-------+----------------------
         Total | 100.0 | 100.0 |   N/A |   N/A | 100.0 | 7240.0
       Dungeon | 100.0 | 100.0 |   N/A |   N/A | 100.0 | 7240.0
               +-------+-------+-------+-------+-------+----------------------
